Unix NetHack Version 5.0.0-0 post-release - last build Jul 14 2026 02:55:29 (1809b74e8187c3a3585e283601c3028b46cbbdcb,branch:main).

Game began 2026-07-14 21:56:58, ended 2026-07-14 23:18:18.

Jinnora, neutral female human Wizard

                              ------
  --------                  ##.`..)-#########
  |.......#######------     ` |..(>|        )              -------
  |.....[|      #|.`..|#######..._..##      ######         |.....|
  |......"##    #|.....# #### -|---- #     --------        |.....|
  --|----- ######-....|# #     #     #     |......|        |.....|
    #           #|[...|###     #     #     |......@d####"##-.....|
    #####       #------#      ##     ##### |.....d|        ----.--
        #       ###   `#      #          [ |......|            #
        #             ##      #          ##.......|            #
 -------|---          ###     #            --------            #
 |..........########### #     #                                #
 |..<......|    #       #     #                                #
 |..........#####       #  ---.--                              ##
 -----------            ###..^).|                           ----+-------
                           |....|                           |..........|
                           |....|                           |..........|
                           |....|                           |..........|
                           ------                           ------------

Jinnora the Thaumaturge   St:14 Dx:13 Co:17 In:18 Wi:15 Ch:9  Neutral
Dlvl:6  $:15 HP:0(59) Pw:104(104) AC:-1 Xp:8/1771 T:9433 

Latest messages:
 The hobbit throws a runed dagger!
 You are hit by a runed dagger.
 Really step into that web? [yn] (n) y
 You stumble into a spider web!
 You miss the hobbit.
 The hobbit hits!
 You hit the hobbit.
 The hobbit hits!
 You kill the hobbit!
 You miss the wolf.
 The wolf bites!
 You miss the wolf.
 The wolf bites!
 You hit the wolf.
 The wolf bites!
 You miss the wolf.
 The wolf just misses!
 You miss the wolf.
 The wolf misses!
 You hit the wolf.
 The wolf misses!
 You hit the wolf!
 The wolf bites!
 The large dog picks up a runed dagger.
 You hit the wolf!
 The wolf bites!
 You hit the wolf.
 The wolf bites!
 You miss the wolf.
 The wolf bites!
 The large dog drops a runed dagger.
 You miss the wolf.
 The wolf bites!
 The large dog picks up a runed dagger.
 You miss the wolf.
 The wolf bites!
 You are stuck to the web.
 The wolf misses!
 You are stuck to the web.
 The wolf bites!
 You miss the wolf.
 The wolf bites!
 You kill the wolf!
 You hit the wolf.
 The wolf bites!
 Are you sure you want to pray? [yn] (n) y
 You begin praying to Thoth.
 The wolf bites!
 You die...
 Do you want your possessions identified? [ynq] (y) q

Inventory:
 Coins    ('$')
  $ - 15 gold pieces
 Amulets  ('"')
  B - an uncursed amulet of flying
 Weapons  (')')
  y - 8 blessed +1 daggers (wielded)
 Armor    ('[')
  q - an uncursed +0 dwarvish iron helm (being worn)
  G - an uncursed +0 pair of iron shoes (being worn)
  X - an uncursed +1 dwarvish mithril-coat (being worn)
 Comestibles  ('%')
  l - an uncursed slime mold
  m - an uncursed lizard corpse
 Scrolls  ('?')
  A - a cursed scroll of magic mapping
 Potions  ('!')
  U - a cursed potion of blindness
  f - an uncursed potion of gain ability
  S - 2 uncursed potions of healing
  K - an uncursed potion of object detection
 Rings    ('=')
  e - an uncursed ring of poison resistance
 Wands    ('/')
  C - an uncursed wand of digging (0:8)
  g - an uncursed wand of digging (0:6)
  F - an uncursed wand of digging (0:4)
  t - a cursed wand of digging (0:5)
  c - an uncursed wand of magic missile (0:2)
  J - an uncursed wand of nothing (0:6)
  k - an uncursed wand of slow monster (0:2)
  L - an uncursed wand of speed monster (0:2)
 Tools    ('(')
  p - a blessed magic lamp (lit)
  n - an uncursed magic marker (0:10)
  N - an uncursed pair of lenses (being worn)
  T - an uncursed skeleton key
  R - an uncursed stethoscope
  Q - an uncursed tin whistle

Jinnora the Wizard's attributes:

Background:
 You were a Thaumaturge, a level 8 female human Wizard.
 You were neutral, on a mission for Thoth
 who was opposed by Ptah (lawful) and Anhur (chaotic).
 You were right-handed.
 You were in the Dungeons of Doom, on level 6.
 You entered the dungeon 9433 turns ago.
 It was nighttime.
 There was a new moon in effect when your adventure ended.
 You had 1771 experience points, 789 more were needed to attain level 9.

Basics:
 You had 0 out of 59 hit points.
 You had all 104 energy points (spell power).
 Your armor class was -1.
 Your wallet contained 15 zorkmids.
 Autopickup was off.

Final Characteristics:
 Your strength was 14 (limit:18/100).
 Your dexterity was 13 (limit:18).
 Your constitution was 17 (limit:18).
 Your intelligence was 18 (limit:18).
 Your wisdom was 15 (limit:18).
 Your charisma was 9 (limit:18).

Final Status:
 You were trapped in a web.
 You weren't hungry.
 You were unencumbered.
 You were wielding daggers.
 You had basic skill with dagger and could have enhanced that.

Final Attributes:
 You were piously aligned.
 You were guarded.
 Your spell casting was impaired by metallic armor.
 You are dead.

Miscellaneous:
 You didn't encounter any bones levels.
 Total elapsed playing time was 1 hour, 21 minutes and 19 seconds.

Major events:
 Turn
    1: Jinnora the neutral female human Wizard entered the dungeon
  970: entered the Gnomish Mines
  994: attained the rank of Conjurer (level 3)
 2532: attained the rank of Thaumaturge (level 6)
 3286: reached Mine Town
 9433: killed by a wolf, while praying

Spells:
 Name                 Level Category     Fail Retention
 force bolt             1   attack        94%   51%-60%
 cure blindness         2   healing      100%   51%-75%
 jumping                1   escape        94%   51%-75%
 knock                  1   matter        94%   51%-75%
 restore ability        4   healing      100%   51%-75%
 sleep                  3   enchantment   97%   61%-70%
 cancellation           7   matter       100%  76%-100%

Skills:
 Fighting Skills
   bare handed combat [Unskilled]
   riding             [Unskilled]
 Weapon Skills
   dagger             [Basic]
   knife              [Unskilled]
   axe                [Unskilled]
   short sword        [Unskilled]
   club               [Unskilled]
   mace               [Unskilled]
   quarterstaff       [Basic]
   polearms           [Unskilled]
   spear              [Unskilled]
   trident            [Unskilled]
   sling              [Unskilled]
   dart               [Unskilled]
   shuriken           [Unskilled]
 Spellcasting Skills
   attack spells      [Basic]
   healing spells     [Unskilled]
   divination spells  [Unskilled]
   enchantment spells [Basic]
   clerical spells    [Unskilled]
   escape spells      [Unskilled]
   matter spells      [Unskilled]

Voluntary challenges:
 Character rerolling was not enabled.
 You never genocided any monsters.
 You never polymorphed an object.
 You never changed form.
 You used no wishes.
Achievements:
 You entered a shop.
 You entered the Gnomish Mines.
 You attained the rank of Conjurer.
 You attained the rank of Thaumaturge.
 You entered Minetown.
 You entered a temple.

 The Dungeons of Doom: levels 1 to 9
    Level 1:
       A fountain, a sink.
    Level 2:
    Level 3:
       An armor shop.
    Level 4:
       A tool shop, some fountains.
       Stairs down to The Gnomish Mines.
    Level 5:
    Level 6: <- You were here.
       An altar to Thoth.
       Final resting place for
          you, killed by a wolf, while praying.
    Level 7:
    Level 8:
    Level 9:
 The Gnomish Mines: levels 5 to 8
    Level 5:
    Level 6:
    Level 7:
    Level 8:
       Many shops, a temple and an altar, some fountains, some trees.


Vanquished creatures:
  a gargoyle
  a tengu
 an elf mummy
  a chameleon
  2 quivering blobs
  2 wolves
  a leprechaun
 an iron piercer
  a mumak
  2 giant spiders
  2 ice vortices
  a baby long worm
  a vampire bat
  a brown pudding
  a Green-elf
  a lizard
  a dwarf leader
  a blue jelly
  a white unicorn
  a dust vortex
  a snake
  a Woodland-elf
  3 fire ants
  2 bugbears
  2 imps
  3 quasits
  2 wood nymphs
  6 Mordor orcs
  2 orc shamans
  a rock piercer
  a pony
  2 fog clouds
  2 yellow lights
  2 violet fungi
  7 gnome leaders
  a gnomish wizard
  a gray ooze
 an elf zombie
  a straw golem
  4 giant ants
  a kitten
 11 dwarves
  2 homunculi
  a kobold shaman
  4 hill orcs
  3 rothes
  4 centipedes
 an orc zombie
 an iguana
  2 acid blobs
  a coyote
  3 hobbits
  a hobgoblin
 12 giant rats
  4 cave spiders
  a brown mold
  a green mold
 36 gnomes
  6 garter snakes
  3 gnome zombies
  4 geckos
  9 jackals
  a fox
  2 kobolds
  3 goblins
 11 sewer rats
  5 grid bugs
  3 lichens
  a kobold zombie
 10 newts
216 creatures vanquished.

No species were genocided or became extinct.

Game over:
                       ----------
                      /          \
                     /    REST    \
                    /      IN      \
                   /     PEACE      \
                  /                  \
                  |     Jinnora      |
                  |      15 Au       |
                  | killed by a wolf |
                  |                  |
                  |                  |
                  |                  |
                  |       2026       |
                 *|     *  *  *      | *
        _________)/\\_//(\/(/\)/\//\/|_)_______

Goodbye Jinnora the Wizard...

You died in The Dungeons of Doom on dungeon level 6 with 7518 points,
and 15 pieces of gold, after 9433 moves.
You were level 8 with a maximum of 59 hit points when you died.

